 Dungeon Crawl Stone Soup version 0.19.0-2-gae57169 (webtiles) character file.

85 thirtiethelement the Magician (level 4, -6/27 HPs)
             Began as an Octopode Wanderer on Nov 6, 2016.
             Mangled by a worker ant (7 damage)
             ... on level 4 of the Dungeon.
             The game lasted 00:20:10 (2135 turns).

thirtiethelement the Magician (Octopode Wanderer)   Turns: 2135, Time: 00:20:10

Health: -6/27      AC:  1    Str: 12    XL:     4   Next: 48%
Magic:  18/20      EV: 11    Int: 13    God:
Gold:   131        SH:  3    Dex: 12    Spells: 5 memorised, 4 levels left

rFire  . . .     SeeInvis .     n - +0 flail (protect)
rCold  . . .     Gourm    .     c - +0 buckler
rNeg   . . .     Faith    .     (helmet restricted)
rPois  .         Spirit   .     (no amulet)
rElec  .         Reflect  .     j - ring of magical power
rCorr  .         Harm     .     (no ring)
MR     .....                    (no ring)
Stlth  +++.......               (no ring)
                                (no ring)
                                (no ring)
                                (no ring)
                                (no ring)

@: lethally poisoned (-6 -> -19), drained
A: almost no armour, stealthy swim, amphibious, 8 rings, constrict 8, camouflage
1, gelatinous body 1
a: no special abilities


You were on level 4 of the Dungeon.
You were not hungry.

You visited 1 branch of the dungeon, and saw 4 of its levels.

You collected 131 gold pieces.

Inventory:

Hand Weapons
 d - a +1 spear of distortion
 e - a +0 whip of electrocution
 n - a +0 flail of protection (weapon)
Armour
 c - a +0 buckler (worn)
Jewellery
 j - a ring of magical power (left tentacle)
 k - an uncursed amulet of the gourmand {unknown}
Scrolls
 o - 2 scrolls of magic mapping
Potions
 g - 2 potions of curing {unknown}
 h - a potion of agility {unknown}
 i - 2 potions of heal wounds
Books
 a - a book of Minor Magic

   Spells                             Type                      Level
   a - Magic Dart                     Conjuration                  1
   b - Blink                          Translocation                2
   c - Call Imp                       Summoning                    2
   d - Repel Missiles                 Charms/Air                   2
   e - Slow                           Hexes                        2
   f - Conjure Flame                  Conjuration/Fire             3
   g - Mephitic Cloud                 Conjuration/Poison/Air       3
 b - the Grimoire of Combat Magic

   Spells                             Type                      Level
   a - Shock                          Conjuration/Air              1
   b - Stone Arrow                    Conjuration/Earth            3
Comestibles
 f - a beef jerky
 l - a bread ration
 m - a slice of pizza


   Skills:
 * Level 0.8(0.5) Maces & Flails
 * Level 2.5(2.1) Stealth
 + Level 1.1(0.8) Shields
 * Level 5.0(4.7) Spellcasting
 * Level 2.4(2.0) Conjurations
   Level 1.0(0.7) Hexes
   Level 1.0(0.7) Earth Magic


You had 4 spell levels left.
You knew the following spells:

 Your Spells              Type           Power        Failure   Level  Hunger
a - Magic Dart            Conj           #...         14%         1    None
b - Shock                 Conj/Air       #...         21%         1    None
c - Conjure Flame         Conj/Fire      #.......     65%         3    ###....
d - Blink                 Tloc           N/A          47%         2    ##.....
e - Call Imp              Summ           #.......     47%         2    ##.....


Dungeon Overview and Level Annotations

Branches:
Dungeon (4/15)
 Temple: D:4-7

Altars:


Innate Abilities, Weirdness & Mutations

You cannot wear most types of armour.
You are very stealthy in the water. (Stealth+)
You are amphibious.
You can wear up to eight rings at the same time.
You can use your tentacles to constrict eight enemies at once.
Your skin changes colour to match your surroundings (Stealth+).
Your rubbery body absorbs attacks. (AC +1, EV +1)


Message History

It was a potion of heal wounds.
You feel much better.
There is a stone staircase leading down here.
You climb downwards.
You block the worker ant's attack. The adder bites you.
The orc wizard gestures wildly while chanting.
The orc wizard flickers and vanishes!
Deactivating autopickup; reactivate with Ctrl-A.
The worker ant bites you.
You are poisoned.
The worker ant poisons you!
The orc throws a tomahawk.
The tomahawk hits you.
There is a stone staircase leading up, spattered with blood here.
You see here 2 tomahawks.
You feel sick. The adder bites you.
You are lethally poisoned!
The adder poisons you!
The orc hits you with a flail of draining!
* * * LOW HITPOINT WARNING * * *
You feel drained.
* * * LOW HITPOINT WARNING * * *
The worker ant bites you!
You die...

###..##....#
o..........#
...........#
....{......#
..o........#
...........#
.......Soa.#
.......o@..+
.##...o#####
#####


You could see a worker ant, an orc priest, an adder and 3 orcs.

Vanquished Creatures
  An adder (D:2)
  2 oozes
  A worm (D:2)
  4 dart slugs (D:1)
  A leopard gecko (D:1)
  2 orcs (D:3)
  4 giant cockroaches
  5 goblins
  10 hobgoblins
  5 jackals
  4 kobolds (D:1)
  A quokka (D:2)
  4 bats
  2 frilled lizards (D:1)
  A rat (D:3)
  A plant (D:1)
48 creatures vanquished.

Notes
Turn   | Place    | Note
-------+----------+-------------------------------------------
     0 | D:1      | thirtiethelement the Octopode Wanderer began the quest for the Orb.
     0 | D:1      | thirtiethelement set off with: a book of Minor Magic, the Grimoire of Combat Magic, a +0 buckler, a +0 club, a bread ration
     0 | D:1      | Reached XP level 1. HP: 11/11 MP: 5/5
    26 | D:1      | Learned a level 1 spell: Magic Dart
    28 | D:1      | Learned a level 1 spell: Shock
   203 | D:1      | Reached XP level 2. HP: 17/17 MP: 7/7
   480 | D:1      | Reached XP level 3. HP: 14/21 MP: 9/9
   552 | D:1      | Learned a level 3 spell: Conjure Flame
   555 | D:1      | Learned a level 2 spell: Blink
   558 | D:1      | Learned a level 2 spell: Call Imp
   558 | D:1      | Identified the Grimoire of Combat Magic
   561 | D:1      | Learned a level 2 spell: Repel Missiles
  1100 | D:2      | Reached skill level 5 in Spellcasting
  1163 | D:2      | Reached XP level 4. HP: 17/27 MP: 0/11
  2135 | D:4      | HP: 1/27 [orc/flail of draining (3)]
  2135 | D:4      | Mangled by a worker ant

Skill      XL: |  1  2  3 |
---------------+----------+-----
Stealth        | 2 |  2.5
Spellcasting   | 5 |  5.0
Maces & Flails | |  0.8
Shields        | |  1.1
Conjurations   | |  2.4
Hexes          | |  1.0
Earth Magic    | |  1.0

Action                   |  1- 3 |  4- 6 || total
-------------------------+-------+-------++-------
Melee: Club              |    20 |       ||    20
       Tentacles         |    13 |     3 ||    16
       Whip              |    36 |     4 ||    40
       Constrict         |    11 |     3 ||    14
       Flail             |       |     7 ||     7
 Cast: Magic Dart        |    45 |    52 ||    97
       Call Imp          |       |     1 ||     1
  Use: Scroll            |     2 |     4 ||     6
       Potion            |       |     1 ||     1
 Stab: Sleeping          |     2 |       ||     2
  Eat: Bread ration      |     1 |       ||     1
Armor: Skin              |       |     1 ||     1
Dodge: Dodged            |    23 |    12 ||    35
Block: Buckler           |     2 |     3 ||     5
